 Dungeon Crawl Stone Soup version 0.30-a0-269-gf0224bf7b6 (webtiles) character file.

Game seed: 817361348256799760

305 hikkokomori the Gusty (level 6, -2/38 HPs)
             Began as a Tengu Air Elementalist on Oct 15, 2022.
             Was an Initiate of Vehumet.
             Slain by a phantom (5 damage)
             ... on level 4 of the Dungeon.
             The game lasted 00:10:53 (2978 turns).

hikkokomori the Gusty (Tengu Air Elementalist)      Turns: 2978, Time: 00:10:54

Health: -2/38      AC:  3    Str:  9    XL:     6   Next: 39%
Magic:  6/10       EV: 18    Int: 17    God:    Vehumet [......]
Gold:   156        SH:  0    Dex: 14    Spells: 8/9 levels left

rFire   . . .      SeeInvis .    f - +0 hand axe (drain)
rCold   . . .      Faith    .    (no shield)
rNeg    . . .      Spirit   .    a - +1 robe
rPois   .          Reflect  .    (helmet restricted)
rElec   .          Harm     .    (no cloak)
rCorr   .          Rampage  .    (no gloves)
Will    .....                    (boots unavailable)
Stlth   ++........               m - amulet of regeneration
HPRegen 1.06/turn                t - +4 ring of evasion
MPRegen 0.12/turn                (no ring)

@: flying quickly and evasively, very slightly contaminated, quick
A: beak, talons 3, nimble flight
a: Renounce Religion


You were on level 4 of the Dungeon.
You worshipped Vehumet.
Vehumet was noncommittal.
You visited 2 branches of the dungeon, and saw 6 of its levels.

You collected 156 gold pieces.

Inventory:

Hand Weapons
 e - a +0 club
 f - a +0 hand axe of draining (weapon)
Missiles
 g - 6 javelins
Armour
 a - a +1 robe (worn)
 q - a +0 buckler
Jewellery
 m - an amulet of regeneration (around neck)
 n - an amulet of faith
 t - a +4 ring of evasion (left hand)
Scrolls
 h - a scroll of enchant weapon
 p - a scroll of teleportation
Potions
 b - a potion of magic
 c - a potion of haste {unknown}
 d - a potion of heal wounds {unknown}
 j - a potion of flight {unknown}
 k - a potion of might {unknown}
 l - 2 potions of cancellation
 o - 2 potions of mutation
 r - a potion of degeneration {unknown}


   Skills:
 + Level 4.2 Fighting
 - Level 2.1 Dodging
 - Level 2.0 Stealth
 - Level 2.0 Spellcasting
 - Level 1.3 Conjurations
 + Level 7.1 Air Magic


You had 8 spell levels left.
You knew the following spells:

 Your Spells              Type           Power      Damage    Failure   Level
a - Shock                 Conj/Air       64%        1d7       3%          1

Your spell library contained the following spells:

 Spells                   Type           Power      Damage    Failure   Level
 Swiftness                Air            25%        N/A       3%          3
 Static Discharge         Conj/Air       32%        2-4/arc   5%          2
 Airstrike                Air            12%        2d(2-18)  11%         4
 Call Canine Familiar     Summ           1%         N/A       50%         3
 Gell's Gravitas          Tloc           1%         N/A       50%         3
 Lesser Beckoning         Tloc           2%         N/A       50%         3
 Portal Projectile        Hex/Tloc       2%         N/A       50%         3
 Teleport Other           Tloc           1%         N/A       50%         3
 Leda's Liquefaction      Hex/Erth       0%         N/A       88%         4


Dungeon Overview and Level Annotations

Branches:
Dungeon (5/15)             Temple (1/1) D:4

Altars:
Ashenzari
Dithmenos
Elyvilon
Fedhas
Hepliaklqana
Nemelex Xobeh
Okawaru
Ru
Trog
Uskayaw
Vehumet
Xom
Yredelemnul
Zin
The Shining One

Annotations:
D:2 Natasha, Sigmund


Innate Abilities, Weirdness & Mutations

You have a beak for a mouth.
You have claws for feet.
Your magical nature lets you fly swiftly and evasively.


Message History

Confirm with . or Enter, or press ? or * to list all spells.
Aiming: Shock (safe; 3% risk of failure)
Press: ? - help, Shift-Dir - straight line The zap misses the phantom.
The zap hits the phantom.
The phantom is heavily damaged.
The phantom hits you.
* * * LOW HITPOINT WARNING * * *
The phantom blinks!
You blink.
Unknown command.
Casting: Shock (safe; 3% risk of failure)
Confirm with . or Enter, or press ? or * to list all spells.
Aiming: Shock (safe; 3% risk of failure)
Press: ? - help, Shift-Dir - straight line, f - kobold
Aim: a kobold, wielding a +0 short sword (asleep, 100% to hit)
The zap misses the phantom.
The zap hits the kobold.
The kobold is moderately wounded.
The kobold shouts!
The phantom hits you.
* * * LOW HITPOINT WARNING * * *
The phantom blinks!
You blink.
Casting: Shock (safe; 3% risk of failure)
Confirm with . or Enter, or press ? or * to list all spells.
Aiming: Shock (safe; 3% risk of failure)
Press: ? - help, Shift-Dir - straight line, f/p - kobold
Aim: a kobold, wielding a +0 short sword (64% to hit)
Okay, then.
You closely miss the kobold. Your kick misses the kobold. You peck the kobold.
The kobold is severely wounded.
You hit the phantom but do no damage.
The phantom hits you but does no damage.
The kobold hits you with a +0 short sword.
* * * LOW HITPOINT WARNING * * *
Unknown command.
Casting: Shock (safe; 3% risk of failure)
Confirm with . or Enter, or press ? or * to list all spells.
Aiming: Shock (safe; 3% risk of failure)
Press: ? - help, Shift-Dir - straight line, p - kobold
Okay, then.
The phantom hits you.
You die...

#?.....#
........##
#.......#
#........##
#...##...#
..###.....####
#.<.## #...##
#.# #.........
#..###
#...##..#
#...###.... ###
#.....# #..#
#.... ##....#
#..# #....
####WK###..#
##..## #...@.#
... #..##
..............#
#..#
.............##
#..##
##############
##..## ##..#
##.. ### #


You could see a phantom and a kobold.

Vanquished Creatures
  A centaur (D:4)
  A hound (D:5)
  3 iguanas (D:4)
  3 adders
  A worm (D:3)
  A dart slug (D:1)
  11 orcs
  7 ball pythons
  6 endoplasms
  4 giant cockroaches
  4 goblins
  6 hobgoblins
  2 quokkas (D:1)
  9 bats
  5 frilled lizards
  7 kobolds
  9 rats
80 creatures vanquished.

Notes
Turn   | Place    | Note
-------+----------+-------------------------------------------
     0 | D:1      | hikkokomori the Tengu Air Elementalist began the quest for
                  | the Orb.
     0 | D:1      | Reached XP level 1. HP: 10/10 MP: 4/4
    69 | D:1      | Reached skill level 1 in Fighting
    69 | D:1      | Reached XP level 2. HP: 10/16 MP: 0/6
   617 | D:1      | Reached XP level 3. HP: 20/20 MP: 7/7
  1299 | D:2      | Reached skill level 5 in Air Magic
  1492 | D:2      | Noticed Sigmund
  1575 | D:2      | Noticed Natasha
  1628 | D:3      | Reached XP level 4. HP: 21/27 MP: 0/8
  2295 | D:4      | Gained mutation: Your magical nature lets you fly swiftly
                  | and evasively. [Tengu growth]
  2295 | D:4      | Reached XP level 5. HP: 28/32 MP: 9/9
  2341 | D:4      | Noticed a centaur
  2351 | D:4      | Reached skill level 6 in Air Magic
  2355 | D:4      | Killed a centaur
  2359 | D:4      | Reached XP level 6. HP: 35/38 MP: 4/10
  2559 | D:4      | Found a staircase to the Ecumenical Temple.
  2728 | Temple   | Entered the Ecumenical Temple
  2831 | Temple   | Became a worshipper of Vehumet
  2852 | D:5      | Entered Level 5 of the Dungeon
  2955 | D:5      | Reached skill level 7 in Air Magic
  2972 | D:4      | HP: 1/38 [phantom (7)]
  2978 | D:4      | Slain by a phantom

Illustrated notes

Levels and vault maps discovered:
D:1:      reono_arrival_mine, layout_basic, grunt_decor_junction
D:2:      layout_basic, minmay_door_square, uniq_natasha, uniq_sigmund
D:3:      layout_rooms, hex_tiny, kennysheep_generic_room_10
D:4:      layout_layer_cave, minmay_temple_entry_butterflies
D:5:      minmay_clustersquares, layout_rooms, cheibrodos_sewer_entry_bend
Temple:   nicolae_temple_superstar

Skill      XL: |  1  2  3  4  5  6 |
---------------+-------------------+-----
Fighting       | 1 2 3 4 |  4.2
Air Magic      | 5 6 7 |  7.1
Dodging        | |  2.1
Stealth        | |  2.0
Spellcasting   | |  2.0
Conjurations   | |  1.3

Action                   |  1- 3 |  4- 6 || total
-------------------------+-------+-------++-------
Melee: Unarmed           |     5 |       ||     5
       Club              |    58 |       ||    58
       Kick              |    21 |    27 ||    48
       Peck              |    10 |    24 ||    34
       Punch             |     1 |     1 ||     2
       Hand axe          |    14 |   101 ||   115
 Cast: Shock             |    33 |    12 ||    45
  Use: Scroll            |     6 |     7 ||    13
       Potion            |     1 |     1 ||     2
 Stab: Sleeping          |     4 |     3 ||     7
Armor: Robe              |    14 |    21 ||    35
Dodge: Dodged            |    59 |   109 ||   168

Table legend: (Time is in decaauts)
 A = Elapsed time spent in this place.
 B = Non-inter-level travel time spent in this place.
 C = Inter-level travel time spent in this place.
 D = Time resting spent in this place.
 E = Time spent auto-exploring this place.
 F = Levels seen in this place.
 G = Mean time per level.
                   A        B        C        D        E       F      G
               +--------+--------+--------+--------+--------+-----+--------+
         Total |   2973 |   2813 |    160 |      0 |   1937 |   6 |  495.5 |
       Dungeon |   2870 |   2739 |    131 |      0 |   1875 |   5 |  574.0 |
        Temple |    103 |     75 |     28 |      0 |     62 |   1 |  103.0 |
               +--------+--------+--------+--------+--------+-----+--------+

Top non-repeatable levels by time:
     D:1: 1271 daAuts
     D:3: 581 daAuts
     D:4: 575 daAuts
     D:2: 333 daAuts
     D:5: 108 daAuts
  Temple: 103 daAuts
